 Dungeon Crawl Stone Soup version 0.29-a0-830-gcb1280458a (webtiles) character file.

Game seed: 5120823016549027896

164 nxtlvl the Chopper (level 5, 0/46 HPs)
             Began as a Naga Gladiator on July 12, 2022.
             Slain by a hound (3 damage)
             ... on level 6 of the Dungeon.
             The game lasted 00:08:12 (776 turns).

nxtlvl the Chopper (Naga Gladiator)                  Turns: 776, Time: 00:08:12

Health: 0/46       AC:  6    Str: 18    XL:     5   Next: 45%
Magic:  5/5        EV:  8    Int:  9    God:
Gold:   84         SH:  0    Dex: 12    Spells: 4/4 levels left

rFire   . . .      SeeInvis +   a - +0 war axe
rCold   . . .      Faith    .   (no shield)
rNeg    . . .      Spirit   .   f - +0 scale mail
rPois   +          Reflect  .   c - +0 helmet
rElec   .          Harm     .   (no cloak)
rCorr   .          Rampage  .   (no gloves)
Will    .....                   (no barding)
Stlth   ..........              (no amulet)
HPRegen 0.15/turn               (no ring)
MPRegen 0.09/turn               (no ring)

@: very slow
A: AC +1, large, see invisible, deformed body, poison resistance, slowness 2,
spit poison 1, naga tail 1
a: Spit Poison


You were on level 6 of the Dungeon.
You visited 1 branch of the dungeon, and saw 6 of its levels.

You collected 84 gold pieces.

Inventory:

Hand Weapons
 a - a +0 war axe (weapon)
 b - a +0 arbalest
Missiles
 d - a throwing net (quivered)
 e - a javelin
 n - 4 atropa-tipped darts
Armour
 c - a +0 helmet (worn)
 f - a +0 scale mail (worn)
Scrolls
 j - a scroll of vulnerability {unknown}
 l - a scroll of acquirement {unknown}
 m - 2 scrolls of magic mapping {unknown}
 o - a scroll of noise {unknown}
Potions
 g - a potion of lignification


   Skills:
 + Level 2.4 Fighting
 * Level 5.0 Axes
 - Level 1.0 Ranged Weapons
 - Level 1.7 Throwing
 + Level 1.3 Armour
 - Level 2.4 Dodging
 - Level 1.1 Stealth


You had 4 spell levels left.
You didn't know any spells.
Your spell library was empty.

Dungeon Overview and Level Annotations

Branches:
Dungeon (6/15)
 Temple: D:4-7

Altars:

Annotations:
D:3 3 runed translucent doors, Unicorn27's ghost, amateur DgFi


Innate Abilities, Weirdness & Mutations

Your serpentine skin is tough. (AC +1)
You have supernaturally acute eyesight. (SInv)
Armour fits poorly on your strangely shaped body.
Your system is resistant to poisons. (rPois)
You cover ground very slowly.
You can spit poison.
You have a snake-like lower body.


Message History

Items here: ))) [.
Okay, then.
Things that are here:
a +0 flail; a +0 club; a gnoll corpse
Okay, then.
You see here a +0 spear.
Items here: ))) [.
f - a +0 scale mail You start removing your armour.
You continue taking off your +0 ring mail. x4
You finish taking off your +0 ring mail.
You start putting on your armour.
You continue putting on your +0 scale mail. x5
You finish putting on your +0 scale mail.
You drop a +0 ring mail.
b - a +0 arbalest (weapon)
Things that are here:
a +0 flail; a +0 club; a gnoll corpse
Found an onyx ring.
A hound comes into view.
The hound barks!
a - a +0 war axe (weapon)
The hound pauses to sniff the ground.
The hound bites you but does no damage.
You hit the hound.
The hound is moderately wounded.
The hound bites you.
* * * LOW HITPOINT WARNING * * *
The hound bites you.
* * * LOW HITPOINT WARNING * * *
You hit the hound but do no damage.
The hound is moderately wounded.
The hound bites you.
* * * LOW HITPOINT WARNING * * *
The hound bites you.
* * * LOW HITPOINT WARNING * * *
You miss the hound.
The hound is moderately wounded.
The hound closely misses you. The hound bites you.
You die...

#.# #.# #.# =..
##.# ..# #.#
##.#@#########
#..h.........#
......#.######..#
####.##.......#.#
#. ########..# #
#..# #))# #[.#
#..#


You could see a hound.

Vanquished Creatures
  A gnoll sergeant (D:6)
  An iguana (D:4)
  5 gnolls (D:6)
  An adder (D:4)
  An orc (D:3)
  4 ball pythons
  2 endoplasms (D:3)
  2 goblins
  A hobgoblin (D:3)
  2 jackals (D:3)
  A bat (D:3)
  3 kobolds
24 creatures vanquished.

Notes
Turn   | Place    | Note
-------+----------+-------------------------------------------
     0 | D:1      | nxtlvl the Naga Gladiator began the quest for the Orb.
     0 | D:1      | Reached XP level 1. HP: 19/19 MP: 1/1
    48 | D:3      | Found a runed translucent gate.
    48 | D:3      | Found a runed translucent gate.
    48 | D:3      | Found a runed translucent gate.
    52 | D:3      | Noticed Unicorn27's ghost (amateur DgFi)
   114 | D:3      | Reached XP level 2. HP: 3/26 MP: 2/2
   576 | D:4      | Reached skill level 4 in Axes
   576 | D:4      | Reached XP level 3. HP: 14/32 MP: 3/3
   641 | D:5      | Entered Level 5 of the Dungeon
   683 | D:6      | Noticed a gnoll sergeant
   695 | D:6      | Reached XP level 4. HP: 19/39 MP: 4/4
   701 | D:6      | HP: 2/58 [gnoll sergeant/+0 spear (6)]
   705 | D:6      | Reached skill level 1 in Armour
   705 | D:6      | Reached skill level 1 in Stealth
   714 | D:6      | Killed a gnoll sergeant
   715 | D:6      | Reached skill level 5 in Axes
   715 | D:6      | Reached skill level 1 in Ranged Weapons
   715 | D:6      | Reached XP level 5. HP: 6/46 MP: 5/5
   776 | D:6      | Slain by a hound

Illustrated notes

Levels and vault maps discovered:
D:1:      dpeg_arrival_central, layout_basic
D:2:      layout_basic, ebering_ecumenical_altar_petrified, basic_altar,
          kennysheep_cross_room, minmay_misc_feat_more_columns
D:3:      layout_rooms, gammafunk_ghost_necromancy
D:4:      layout_basic, minmay_misc_feat_roman
D:5:      layout_rooms, nrook_loot_triangle, nicolae_shop_gadgets
D:6:      layout_loops_ring, serial_shops, nicolae_diamond_shop,
          gammafunk_ghost_split, uniq_duvessa

Skill      XL: |  1  2  3  4 |
---------------+-------------+-----
Axes           | 4 5 |  5.0
Armour         | 1 |  1.3
Stealth        | 1 |  1.1
Ranged Weapons | 1 |  1.0
Fighting       | |  2.4
Throwing       | |  1.7
Dodging        | |  2.4

Action                   |  1- 3 |  4- 6 || total
-------------------------+-------+-------++-------
Melee: War axe           |    28 |    21 ||    49
       Punch             |     1 |       ||     1
 Fire: Arbalest          |     5 |       ||     5
       Sling             |     5 |       ||     5
Throw: Throwing net      |       |     2 ||     2
 Abil: Spit Poison       |    10 |       ||    10
  Use: Scroll            |     3 |       ||     3
       Potion            |     6 |       ||     6
 Stab: Sleeping          |     1 |       ||     1
       Held in net/web   |       |     2 ||     2
Armor: Ring mail         |     2 |       ||     2
       Skin              |    35 |    29 ||    64
       Scale mail        |       |     1 ||     1
Dodge: Dodged            |    17 |     5 ||    22

Table legend: (Time is in decaauts)
 A = Elapsed time spent in this place.
 B = Non-inter-level travel time spent in this place.
 C = Inter-level travel time spent in this place.
 D = Time resting spent in this place.
 E = Time spent auto-exploring this place.
 F = Levels seen in this place.
 G = Mean time per level.
                   A        B        C        D        E       F      G
               +--------+--------+--------+--------+--------+-----+--------+
         Total |   1021 |   1009 |     12 |      0 |     18 |   6 |  170.2 |
       Dungeon |   1021 |   1009 |     12 |      0 |     18 |   6 |  170.2 |
               +--------+--------+--------+--------+--------+-----+--------+

Top non-repeatable levels by time:
     D:4: 487 daAuts
     D:3: 306 daAuts
     D:6: 103 daAuts
     D:5: 56 daAuts
     D:2: 36 daAuts
     D:1: 30 daAuts
